 Dungeon Crawl Stone Soup version 0.21-a0-442-g848f44b (webtiles) character file.

7539 KristoblXynda the Covert (level 10, -7/46 HPs)
             Began as a Spriggan Gladiator on Nov 14, 2017.
             Was a High Priest of Okawaru.
             Killed from afar by a gargoyle (13 damage)
             ... with a stone arrow
             ... on level 11 of the Dungeon.
             The game lasted 00:31:31 (13332 turns).

KristoblXynda the Covert (Spriggan Gladiator)      Turns: 13332, Time: 00:31:32

Health: -7/46      AC:  6    Str: 13    XL:     10   Next: 96%
Magic:  16/16      EV: 23    Int:  9    God:    Okawaru [*****.]
Gold:   99         SH:  0    Dex: 19    Spells: 9/9 levels left

rFire    + . .     SeeInvis +   D - +3 long sword (slice)
rCold    . . .     Gourm    .   (shield restricted)
rNeg     . . .     Faith    .   n - +2 robe {rF+}
rPois    +         Spirit   .   H - +1 hat
rElec    .         Reflect  .   j - +0 cloak
rCorr    .         Harm     .   (gloves unavailable)
MR       +....                  (boots unavailable)
Stlth    +++++++++.             e - amulet of rage
HPRegen  0.15/turn              c - ring of Shadows {Umbra +Inv Stlth+}
MPRegen  0.15/turn              m - ring of poison resistance

@: wreathed by umbra, very quick
A: unfitting armour, see invisible, herbivore 3, speed 3, slow metabolism 2
a: Heroism, Finesse, Renounce Religion, Evoke Berserk Rage, Evoke Invisibility


You were on level 11 of the Dungeon.
You worshipped Okawaru.
Okawaru was extremely pleased with you.
You were not hungry.

You visited 2 branches of the dungeon, and saw 12 of its levels.

You collected 499 gold pieces.
You spent 400 gold pieces at shops.

Inventory:

Hand Weapons
 y - a +2 dagger of holy wrath
 D - a +3 long sword of slicing (weapon)
 I - a +3 long sword
 J - a +2 scimitar of flaming
Missiles
 d - 2 throwing nets (quivered)
Armour
 j - a +0 cloak (worn)
 n - a +2 robe of fire resistance (worn)
 z - a cursed -1 buckler
 H - a +1 hat (worn)
 K - a +1 robe of fire resistance
Jewellery
 c - the ring of Shadows (left hand) {Umbra +Inv Stlth+}
   (You bought it in a shop on level 8 of the Dungeon)

   [ring of stealth]

   It lets you turn invisible.
   It makes you more stealthy.
 e - an amulet of rage (around neck)
 k - an uncursed ring of positive energy
 m - a ring of poison resistance (right hand)
 E - a +3 ring of dexterity
Scrolls
 a - 2 scrolls of remove curse
 g - a scroll of fear
 i - a scroll of enchant armour
 p - 2 scrolls of amnesia
 v - 2 scrolls of blinking
 L - a scroll of identify
Potions
 b - 2 potions of agility {unknown}
 h - 2 potions of flight
 l - 4 potions of curing {unknown}
 o - 6 potions of mutation {unknown}
 r - 2 potions of berserk rage {unknown}
 s - a potion of invisibility {unknown}
 t - a potion of degeneration {unknown}
 u - 2 potions of lignification
 B - a potion of magic {unknown}
 F - 2 potions of haste
Books
 w - a book of Maledictions

   Spells                             Type                      Level
   a - Corona                         Hexes                        1
   b - Ensorcelled Hibernation        Hexes/Ice                    2
   c - Confuse                        Hexes                        3
   d - Tukima's Dance                 Hexes                        3
   e - Dazzling Spray                 Conjuration/Hexes            3
 C - a book of Changes

   Spells                             Type                      Level
   a - Beastly Appendage              Transmutation                1
   b - Sticks to Snakes               Transmutation                2
   c - Spider Form                    Transmutation/Poison         3
   d - Ice Form                       Ice/Transmutation            4
   e - Blade Hands                    Transmutation                5
Miscellaneous
 G - a lightning rod (4/4)
Comestibles
 f - 10 bread rations
 x - 4 royal jellies
 A - 5 fruits


   Skills:
 - Level 1.5 Fighting
 + Level 10.3 Long Blades
 - Level 2.0 Throwing
 - Level 7.0 Dodging
 - Level 10.7 Stealth
 + Level 3.3 Shields
 + Level 7.4 Invocations
 + Level 1.4 Evocations


You had 9 spell levels left.
You didn't know any spells.

Dungeon Overview and Level Annotations

Branches:
Dungeon (11/15)            Temple (1/1) D:4            Lair (0/6) D:9
    Orc: D:9-12

Altars:
Ashenzari
Cheibriados
Dithmenos
Elyvilon
Fedhas
Gozag
Hepliaklqana
Kikubaaqudgha
Makhleb
Nemelex Xobeh
Okawaru
Qazlal
Ru
Sif Muna
Trog
Uskayaw
Vehumet
Wu Jian
Xom
Yredelemnul
Zin
The Shining One

Shops:
D:8 =*=   D:11 [

Annotations:
D:9 Oozefury's ghost, novice MfTm
D:11 Josephine


Innate Abilities, Weirdness & Mutations

You are very small and have problems with some larger weapons.
You are too small for most types of armour.
You have supernaturally acute eyesight. (SInv)
You are a herbivore.
You cover ground extremely quickly.
You need consume almost no food.


Message History

The gargoyle is almost destroyed.
The gargoyle misses you.
You closely miss the gargoyle.
The gargoyle is almost destroyed.
The gargoyle misses you.
Unknown command.
You hit the gargoyle but do no damage.
The gargoyle is almost destroyed.
You barely miss the gargoyle.
The gargoyle is almost destroyed.
The gargoyle completely misses you.
Unknown command.
You hit the gargoyle but do no damage.
The gargoyle is almost destroyed.
The gargoyle completely misses you.
You hit the gargoyle but do no damage.
The gargoyle is almost destroyed.
The gargoyle hurls a stone arrow at you.
The stone arrow hits you!
You die...

#............
#..#####....#
#..####...?.#
#...........#
####.####.....#
#.......##...#
#.##.##.# #.#
#.##.##.###.#####.#
###.##.##.##...9@...#
....<.........#######
.............##
###.#...#.####
#.#####.# #.#####.#
#.......# #########


You could see a gargoyle.

Vanquished Creatures
  Erica (D:10)
  A two-headed ogre (D:10)
  Pikel (D:6)
  Joseph (D:8)
  The ghost of KristoblXynda the Slasher, a novice DrFi of Ashenzari (D:5)
  Prince Ribbit (D:6)
  A hippogriff (D:11)
  A wraith (D:10)
  A wyvern (D:11)
  3 basilisks (D:9)
  3 porcupines (D:9)
  A black bear (D:7)
  An orc warrior (D:9)
  An ice beast (D:5)
  2 phantoms
  4 slaves (D:6)
  2 ogres (D:9)
  An eye of draining (D:9)
  4 centaurs
  2 crocodiles (D:9)
  2 wolves (D:9)
  Blork the orc (D:5)
  4 bullfrogs
  A water moccasin skeleton (D:5)
  A wyvern skeleton (D:6)
  2 scorpions
  6 killer bees (D:9)
  9 wights (D:7)
  A howler monkey (D:5)
  2 bullfrog zombies
  2 centaur zombies (D:5)
  3 crimson imps
  2 jellies
  2 bullfrog skeletons (D:9)
  6 hounds
  5 orc priests
  Crazy Yiuf (D:6)
  6 orc wizards
  2 iguanas
  5 worker ants
  3 hound zombies
  A hound skeleton (D:5)
  2 worker ant zombies (D:5)
  8 adders
  An ooze (D:3)
  An adder skeleton (D:8)
  4 worms
  3 dart slugs
  A leopard gecko (D:2)
  19 orcs
  3 ball pythons
  4 bats
  4 giant cockroaches
  8 goblins
  8 hobgoblins
  2 jackals (D:4)
  5 kobolds
  A quokka (D:10)
  A ball python zombie (D:5)
  4 frilled lizards
  A leopard gecko zombie (D:5)
  6 rats
186 creatures vanquished.

Vanquished Creatures (others)
  An orc (D:9)
  2 fungi (D:9)
  4 plants (D:9)
7 creatures vanquished.

Grand Total: 193 creatures vanquished

Notes
Turn   | Place    | Note
-------+----------+-------------------------------------------
     0 | D:1      | KristoblXynda the Spriggan Gladiator began the quest for the Orb.
     0 | D:1      | Reached XP level 1. HP: 10/10 MP: 2/2
    40 | D:1      | Reached skill level 1 in Stealth
   144 | D:1      | Reached XP level 2. HP: 14/14 MP: 3/3
  1051 | D:2      | Reached skill level 5 in Dodging
  1051 | D:2      | Reached XP level 3. HP: 13/18 MP: 4/4
  1176 | D:2      | Reached XP level 4. HP: 22/22 MP: 5/5
  2139 | D:3      | Reached XP level 5. HP: 25/25 MP: 6/6
  2182 | D:3      | Found a faded altar of an unknown god.
  2589 | D:3      | Found an opulent altar of Gozag.
  2682 | D:3      | Found a basalt altar of Yredelemnul.
  2684 | D:3      | Found a burning altar of Makhleb.
  2939 | D:4      | HP: 1/25 [orc priest/divine providence (15)]
  3444 | D:4      | Found a staircase to the Ecumenical Temple.
  3705 | Temple   | Entered the Ecumenical Temple
  3877 | Temple   | Became a worshipper of Warmaster Okawaru
  4033 | D:5      | Entered Level 5 of the Dungeon
  4052 | D:5      | Noticed KristoblXynda's ghost (novice DrFi)
  4103 | D:5      | Reached XP level 6. HP: 20/30 MP: 7/7
  4390 | D:5      | Noticed Blork the orc
  4398 | D:5      | Noticed an ice beast
  4413 | D:5      | Reached skill level 5 in Stealth
  4633 | D:5      | Reached skill level 5 in Long Blades
  4633 | D:5      | Reached XP level 7. HP: 14/33 MP: 8/8
  4712 | D:5      | Reached * piety under Okawaru
  4723 | D:5      | Killed Blork the orc
  4853 | D:5      | Killed KristoblXynda's ghost
  4853 | D:5      | Reached skill level 1 in Invocations
  4976 | D:6      | Found a basalt altar of Yredelemnul.
  4977 | D:6      | Noticed Prince Ribbit
  5009 | D:6      | Killed Prince Ribbit
  5009 | D:6      | Reached ** piety under Okawaru
  5009 | D:6      | Reached XP level 8. HP: 7/37 MP: 10/10
  6059 | D:6      | Noticed Pikel
  6147 | D:6      | Killed Pikel
  6147 | D:6      | Reached XP level 9. HP: 14/41 MP: 11/13
  6617 | D:6      | Found a runed door.
  6621 | D:6      | Noticed Crazy Yiuf
  6647 | D:6      | Killed Crazy Yiuf
  7297 | D:7      | Reached *** piety under Okawaru
  7852 | D:7      | Reached skill level 10 in Stealth
  7852 | D:7      | Reached skill level 5 in Invocations
  8282 | D:8      | Found Ogieg's Jewellery Shoppe.
  8425 | D:8      | Found Cumulote's General Store.
  8570 | D:8      | Noticed Joseph
  8654 | D:8      | Killed Joseph
  8722 | D:8      | Noticed a two-headed ogre
  9183 | D:8      | Found Larphi Hele's Jewellery Shop.
  9300 | D:8      | Found a shattered altar of Ashenzari.
  9300 | D:8      | Found a shimmering altar of Xom.
  9516 | D:9      | Reached XP level 10. HP: 13/46 MP: 9/15
  9864 | D:9      | Reached **** piety under Okawaru
  9864 | D:9      | Reached skill level 1 in Shields
  9933 | D:8      | Bought the ring of Shadows {Umbra +Inv Stlth+} for 400 gold pieces
  9933 | D:8      | Found the ring of Shadows {Umbra +Inv Stlth+}
 10784 | D:9      | Found a staircase to the Lair.
 10913 | D:9      | Noticed Oozefury's ghost (novice MfTm)
 11516 | D:10     | Entered Level 10 of the Dungeon
 11648 | D:10     | Noticed Erica
 11661 | D:10     | Killed Erica
 11661 | D:10     | Reached ***** piety under Okawaru
 11661 | D:10     | Reached skill level 10 in Long Blades
 11818 | D:10     | Noticed a two-headed ogre
 12235 | D:10     | Killed a two-headed ogre
 12485 | D:11     | Noticed Josephine
 12648 | D:11     | Found Soeh's Armour Shop.
 12732 | D:11     | Reached skill level 1 in Evocations
 13296 | D:11     | Noticed a gargoyle
 13332 | D:11     | Killed from afar by a gargoyle

Vault maps used:
D:1:      minmay_arrival_three_doors
D:3:      grunt_gozag_statues, chequers_temple_overflow_statue_of_worship,
          chequers_ecumenical_altar_simple
D:4:      minmay_temple_entry_enclosed_plants, first_bread,
          lemuel_another_geyser
D:5:      serial_undead, serial_undead_c, serial_undead_d, serial_undead_e,
          serial_undead_a, uniq_blork_the_orc
D:6:      yredelemnul_altar_generic, uniq_pikel, uniq_crazy_yiuf_cottage,
          uniq_prince_ribbit1
D:7:      serial_curves, eino_curves_01, eino_curves_04
D:8:      amethyst_overflow_temple_binary, serial_shops, kennysheep_mini,
          kennysheep_little_box, shop_statue, uniq_joseph
D:9:      minmay_lair_entry_grove, erik_orc_1
D:10:     uniq_erica, uniq_harold
D:11:     serial_shops, nicolae_shop_competitors_out_of_business,
          blue_anna_alchemist, uniq_josephine
Temple:   bh_familiar_temple

Skill      XL: |  1  2  3  4  5  6  7  8  9 10 |
---------------+-------------------------------+-----
Stealth        | 1 2 3 4 5 7 9 10 | 10.7
Long Blades    | 3 4 5 6 7 9 10 | 10.3
Dodging        | 5 6 7 |  7.0
Invocations    | 2 4 5 7 |  7.4
Shields        | 3 |  3.3
Evocations     | 1 |  1.4
Fighting       | |  1.5
Throwing       | |  2.0

Action                   |  1- 3 |  4- 6 |  7- 9 | 10-12 || total
-------------------------+-------+-------+-------+-------++-------
Melee: Long sword        |    43 |    94 |    52 |   251 ||   440
       Dagger            |       |    82 |   479 |   145 ||   706
Throw: Throwing net      |       |       |     2 |     2 ||     4
Evoke: Lightning rod     |       |       |       |     1 ||     1
  Use: Scroll            |       |     8 |    11 |     2 ||    21
       Potion            |       |     2 |     3 |     4 ||     9
 Stab: Sleeping          |     1 |    12 |    11 |     9 ||    33
       Distracted        |     1 |     1 |     2 |     1 ||     5
       Held in net/web   |       |       |     2 |     2 ||     4
  Eat: Royal jelly       |       |     1 |       |     1 ||     2
       Bread ration      |       |       |     1 |       ||     1
       Fruit             |       |       |       |     1 ||     1
Armor: Robe              |     3 |    12 |    35 |    18 ||    68
       Skin              |       |       |    20 |    28 ||    48
Dodge: Dodged            |    37 |   144 |   332 |   297 ||   810
       Rpst.: Long sword |    13 |    25 |     3 |    48 ||    89

Table legend:
 A = Spawn XP
 B = Non-spawn XP
 C = Spawn XP percentage of total XP
 D = Spawn monster count
 E = Non-spawn monster count
 F = Spawn count percentage of total count
 G = Total turns spent on level
                    A         B        C        D         E        F      G
               +---------+---------+-------+---------+---------+-------+---------
         Total |       0 |   10770 |   0.0 |       0 |     183 |   0.0 | 13332
               +---------+---------+-------+---------+---------+-------+---------
           D:1 |       0 |      19 |   0.0 |       0 |      10 |   0.0 |   725
           D:2 |       0 |     159 |   0.0 |       0 |      23 |   0.0 |   937
           D:3 |       0 |     100 |   0.0 |       0 |      25 |   0.0 |  1517
           D:4 |       0 |      91 |   0.0 |       0 |       9 |   0.0 |   800
           D:5 |       0 |    1082 |   0.0 |       0 |      16 |   0.0 |   927
           D:6 |       0 |    1647 |   0.0 |       0 |      17 |   0.0 |  1943
           D:7 |       0 |    1162 |   0.0 |       0 |      18 |   0.0 |  1218
           D:8 |       0 |     692 |   0.0 |       0 |       6 |   0.0 |  1376
           D:9 |       0 |    2766 |   0.0 |       0 |      35 |   0.0 |  1901
          D:10 |       0 |    2341 |   0.0 |       0 |       9 |   0.0 |  1070
          D:11 |       0 |     711 |   0.0 |       0 |      15 |   0.0 |   714
               +---------+---------+-------+---------+---------+-------+---------
